 Dungeon Sprint DCSS version 0.30.0-29-ga12c61a403 (webtiles) character file.

Game seed: 7858359411527257152

159775 Groucho the End of an Era (level 18, -10/172 HPs)
             Began as a Formicid Hunter on June 13, 2023.
             Was the Champion of Qazlal.
             Mangled by a 27-headed Lernaean hydra simulacrum (17 damage)
             ... in the Dungeon (Sprint VII: "The Pits") on June 14, 2023.
             The game lasted 00:51:51 (13708 turns).

Groucho the End of an Era (Formicid Hunter)        Turns: 13708, Time: 00:51:52

Health: -10/172    AC: 37    Str: 20    XL:     18   Next: 7%
Magic:  29/35      EV: 22    Int:  9    God:    Qazlal [******]
Gold:   163        SH: 42    Dex: 27    Spells: 17/17 levels left

rFire   + + +        B - +7 arbalest
rCold   + + +        y - +1 tower shield
rNeg    + + +        a - +8 plate armour "Reho" {rC++}
rPois   +            (helmet unavailable)
rElec   +            Q - +3 cloak of the Cuttlefish {Fly rF+ rN+ Int-2}
rCorr   +            e - +0 pair of gloves of the Gravedigger {Str+4 Dex+3}
SInv    +            I - +0 pair of boots of the Past {Fly rElec rCorr Dex-3}
Will    +....        r - amulet "Fuety" {Reflect rF+ SH+5} Stlth
                     z - ring "Athe Foi" {Dex+4 Slay+5}
HPRegen 0.48/turn    h - ring "Pacouly" {rPois rF+ rN++ Str-3 Int+3}
MPRegen 0.24/turn

%: repel missiles, reflection
@: protected from cold, flying, glowing, studying 2 skills, silenced
A: permanent stasis, dig shafts and tunnels, antennae 3, four strong arms
}: 1/3 runes: silver
a: Dig, Renounce Religion


You were in the Dungeon.
You worshipped Qazlal.
Qazlal was exalted by your worship.
You visited 1 branch You collected 163 gold pieces.

Inventory:

Hand Weapons
 B - a +7 arbalest (weapon)
Armour
 a - the +8 plate armour "Reho" (worn) {rC++}
   (You found it in the Dungeon)

   rC:        It greatly protects you from cold.
 e - the +0 pair of gloves of the Gravedigger (worn) {Str+4 Dex+3}
   (You found it in the Dungeon)

   Str:       It affects your strength (+4).
   Dex:       It affects your dexterity (+3).
 m - a +1 pair of boots of rampaging
 y - a +1 tower shield (worn)
 C - +3 storm dragon scales
 D - +2 gold dragon scales
 I - the +0 pair of boots of the Past (worn) {Fly rElec rCorr Dex-3}
   (You found it in the Dungeon)

   Dex:       It affects your dexterity (-3).
   rElec:     It insulates you from electricity.
   Fly:       It grants you flight.
   rCorr:     It protects you from acid and corrosion.
 Q - the +3 cloak of the Cuttlefish (worn) {Fly rF+ rN+ Int-2}
   (You found it in the Dungeon)

   Int:       It affects your intelligence (-2).
   rF:        It protects you from fire.
   rN:        It protects you from negative energy.
   Fly:       It grants you flight.
Jewellery
 d - the ring "Futacauc" {Will++ AC+6 Dex+2}
   (You found it in the Dungeon)

   [ring of protection]

   AC:        It affects your AC (+6).
   Dex:       It affects your dexterity (+2).
   Will:      It greatly increases your willpower.
 h - the ring "Pacouly" (right hand) {rPois rF+ rN++ Str-3 Int+3}
   (You found it in the Dungeon)

   [ring of protection from fire]

   Str:       It affects your strength (-3).
   Int:       It affects your intelligence (+3).
   rF:        It protects you from fire.
   rPois:     It protects you from poison.
   rN:        It greatly protects you from negative energy.
 r - the amulet "Fuety" (around neck) {Reflect rF+ SH+5}
   (You found it in the Dungeon)

   [amulet of reflection]

   It reflects blocked missile attacks.
   rF:        It protects you from fire.
   SH:        It affects your SH (+5).
 s - a ring of fire
 u - a ring of wizardry
 z - the ring "Athe Foi" (left hand) {Dex+4 Slay+5}
   (You found it in the Dungeon)

   [ring of slaying]

   Dex:       It affects your dexterity (+4).
   Slay:      It affects your accuracy & damage with ranged weapons and melee
   (+5).
 A - the amulet of Lierru {Reflect rCorr Str+2 SH+5}
   (You found it in the Dungeon)

   [amulet of reflection]

   It reflects blocked missile attacks.
   Str:       It affects your strength (+2).
   rCorr:     It protects you from acid and corrosion.
   SH:        It affects your SH (+5).
 E - the amulet "Wovais" {Acrobat Will+}
   (You found it in the Dungeon)

   [amulet of the acrobat]

   It increases your evasion while moving and waiting.
   Will:      It increases your willpower.
 K - a ring of positive energy
 L - a ring of wizardry
 M - a ring of wizardry
 N - a +6 ring of protection
 O - a +6 ring of evasion
 P - a +6 ring of intelligence
Wands
 c - a wand of acid (8)
 k - a wand of iceblast (6)
 l - a wand of mindburst (12)
 n - a wand of paralysis (1)
 R - a wand of flame (8)
Scrolls
 b - 3 scrolls of immolation
 g - 4 scrolls of blinking
 i - 6 scrolls of amnesia
 j - a scroll of summoning
 t - a scroll of poison
 v - 4 scrolls of enchant armour
 w - 6 scrolls of identify
 x - 4 scrolls of fear
 G - 4 scrolls of enchant weapon
Potions
 f - 6 potions of magic
 o - 8 potions of heal wounds
 p - 4 potions of might
 q - 8 potions of mutation
 F - 5 potions of curing
 H - a potion of brilliance
 J - a potion of resistance


   Skills:
 + Level 23.4 Fighting
 O Level 27 Ranged Weapons
 + Level 23.3 Armour
 + Level 20.0 Dodging
 - Level 1.2 Stealth
 O Level 27 Shields
 O Level 27 Invocations


You had 17 spell levels left.
You didn't know any spells.
Your spell library contained the following spells:

 Spells                   Type           Power      Damage    Failure   Level
 Beastly Appendage        Tmut           0%         N/A       93%         1
 Foxfire                  Conj/Fire      0%         2x1d4     93%         1
 Freeze                   Ice            0%         1d3       93%         1
 Sandblast                Erth           0%         2d4       93%         1
 Lesser Beckoning         Tloc           0%         N/A       98%         2
 Momentum Strike          Conj/Tloc      0%         3d8       98%         2
 Passwall                 Tmut/Erth      0%         N/A       98%         2
 Poisonous Vapours        Pois/Air       0%         N/A       98%         2
 Static Discharge         Conj/Air       0%         2-2/arc   98%         2
 Sublimation of Blood     Necr           0%         N/A       98%         2
 Call Canine Familiar     Summ           0%         N/A       100%        3
 Confusing Touch          Hex            0%         N/A       100%        3
 Dazzling Flash           Conj/Hex       0%         N/A       100%        3
 Frozen Ramparts          Ice            0%         1d1       100%        3
 Hailstorm                Conj/Ice       0%         3d3       100%        3
 Ozocubu's Armour         Ice            0%         N/A       100%        3
 Portal Projectile        Hex/Tloc       0%         N/A       100%        3
 Spider Form              Tmut/Pois      0%         N/A       100%        3
 Stone Arrow              Conj/Erth      0%         3d7       100%        3
 Volatile Blastmotes      Fire/Tloc      0%         2d10      100%        3
 Anguish                  Hex/Necr       0%         N/A       100%        4
 Animate Armour           Summ/Erth      0%         N/A       100%        4
 Cause Fear               Hex            0%         N/A       100%        4
 Ice Form                 Ice/Tmut       0%         N/A       100%        4
 Iskenderun's Mystic Bla  Conj/Tloc      0%         2d3       100%        4
 Leda's Liquefaction      Hex/Erth       0%         N/A       100%        4
 Petrify                  Tmut/Erth      0%         N/A       100%        4
 Summon Lightning Spire   Summ/Air       0%         N/A       100%        4
 Agony                    Necr           0%         N/A       100%        5
 Alistair's Intoxication  Tmut/Pois      0%         N/A       100%        5
 Arcjolt                  Conj/Air       0%         1d10      100%        5
 Fireball                 Conj/Fire      0%         3d3       100%        5
 Freezing Cloud           Conj/Ice/Air   0%         6-21      100%        5
 Irradiate                Conj/Tmut      0%         3d11      100%        5
 Lee's Rapid Deconstruct  Erth           0%         3d4*      100%        5
 Metabolic Englaciation   Hex/Ice        0%         N/A       100%        5
 Silence                  Hex/Air        0%         N/A       100%        5
 Summon Forest            Summ/Tloc      0%         N/A       100%        5
 Conjure Ball Lightning   Conj/Air       0%         3x3d6     100%        6
 Dispersal                Tloc           0%         N/A       100%        6
 Eringya's Noxious Bog    Tmut/Pois      0%         N/A       100%        6
 Plasma Beam              Fire/Air       0%         2x1d11    100%        6
 Simulacrum               Ice/Necr       0%         N/A       100%        6
 Starburst                Conj/Fire      0%         6d3       100%        6
 Statue Form              Tmut/Erth      0%         N/A       100%        6
 Enfeeble                 Hex            0%         N/A       100%        7
 Ozocubu's Refrigeration  Ice            0%         4d7       100%        7
 Storm Form               Tmut/Air       0%         N/A       100%        7
 Summon Hydra             Summ           0%         N/A       100%        7
 Discord                  Hex            0%         N/A       100%        8
 Disjunction              Tloc           0%         N/A       100%        8
 Lehudib's Crystal Spear  Conj/Erth      0%         10d2      100%        8
 Maxwell's Capacitive Co  Air            0%         ∞         100%        8
 Necromutation            Tmut/Necr      0%         N/A       100%        8
 Chain Lightning          Conj/Air       0%         N/A       100%        9
 Fire Storm               Conj/Fire      0%         5d1       100%        9
 Shatter                  Erth           0%         3d5*      100%        9
 Blink                    Tloc           Unusable   N/A       N/A         2

Dungeon Overview and Level Annotations

Branches:
Dungeon (1/1)

Altars:
Ashenzari
Cheibriados
Dithmenos
Elyvilon
Fedhas
Gozag
Hepliaklqana
Kikubaaqudgha
Makhleb
Nemelex Xobeh
Okawaru
Qazlal
Ru
Sif Muna
Trog
Uskayaw
Vehumet
Wu Jian
Xom
Yredelemnul
Zin
The Shining One
Jiyva
Lugonu

Annotations:
D Margery, Mennas


Innate Abilities, Weirdness & Mutations

You cannot be hasted, slowed, berserked, paralysed or teleported.
You can dig through walls and to a lower floor.
You have a pair of large antennae on your head. (SInv)
Your four strong arms can wield two-handed weapons with a shield.


Message History

A freezing mist starts to gather...
A hell knight simulacrum comes into view.
You block the angel's attack. x2; You block Mennas's attack.
Mennas closely misses you.
A pearl dragon comes into view.
The angel closely misses you. You block the angel's attack.
Mennas closely misses you. Mennas hits you but does no damage.
The ghoul is engulfed in freezing vapours.
Margery is engulfed in freezing vapours.
Margery hits you from afar with a +2 demon trident of distortion!
* * * LOW HITPOINT WARNING * * *
Your resistance to cold fades away.
You feel protected from physical attacks.
The 27-headed Lernaean hydra simulacrum bites you but does no damage.
The 27-headed Lernaean hydra simulacrum barely misses you.
You block the 27-headed Lernaean hydra simulacrum's attack.
The 27-headed Lernaean hydra simulacrum bites you but does no damage.
You block the 27-headed Lernaean hydra simulacrum's attack.
The 27-headed Lernaean hydra simulacrum bites you but does no damage. x2
The 27-headed Lernaean hydra simulacrum bites you!
* * * LOW HITPOINT WARNING * * *
The 27-headed Lernaean hydra simulacrum freezes you!
You resist.
Your resistance to physical damage fades away.
You feel protected from cold.
* * * LOW HITPOINT WARNING * * *
The 27-headed Lernaean hydra simulacrum bites you but does no damage.
The 27-headed Lernaean hydra simulacrum misses you.
You block the 27-headed Lernaean hydra simulacrum's attack.
The 27-headed Lernaean hydra simulacrum bites you but does no damage. x2
You block the 27-headed Lernaean hydra simulacrum's attack. x3
The 27-headed Lernaean hydra simulacrum bites you but does no damage. x2
The 27-headed Lernaean hydra simulacrum misses you.
The 27-headed Lernaean hydra simulacrum barely misses you.
The 27-headed Lernaean hydra simulacrum bites you.
* * * LOW HITPOINT WARNING * * *
The 27-headed Lernaean hydra simulacrum freezes you!
You resist.
You feel more protected from cold.
You die... ### # ..# {{ {{{{ # ..# {{ {{{{

#
..#####++#++#####+#####++
#
..##.....................
{ #
..##.....#.....).........
{ #
..##..#.....#.§#.§n#Z.#..
{ #
..##.....#..)..ZAA@pp.D..
{ #
..##[).)).))).).@Znpcp)).{
{ #
..#####('#''#####+#####''
# ..''.....#..#


{{{{{ # ..''.....#..# {{{{{{{ # ''########### #
'†############################### .............[[...........)..)...
...[.........).............)..... ..##############[(##############. You could
see Margery (soul bound), Mennas (silencing), 2 ghouls, a pearl dragon, an angel
(unsilenced), a yaktaur captain (soul bound), 2 hell knights, 2 necromancers, a
hell knight simulacrum, a draconian scorcher simulacrum and a 27-headed Lernaean
hydra simulacrum.

Vanquished Creatures
  Mara (D)
  2 royal mummies (D)
  the Lernaean hydra (D)
  A Killer Klown (D)
  A curse toe (D)
  Jory (D)
  A bone dragon (D)
  2 profane servitors (D)
  A pearl dragon (D)
  2 tentacled monstrosities (D)
  3 liches (D)
  An Executioner (D)
  Polyphemus (D)
  An acid blob (D)
  Frances (D)
  2 sphinxes (D)
  A shadow dragon (D)
  A rockslime (D)
  Ilsuiw (D)
  2 nagarajas (D)
  An azure jelly (D)
  3 ghost moths (D)
  3 fire giants (D)
  An emperor scorpion (D)
  A draconian knight (D)
  A draconian scorcher (D)
  A draconian shifter (D)
  A draconian stormcaller (D)
  3 ghouls (D)
  A balrug (D)
  3 deep elf sorcerers (D)
  2 orc warlords (D)
  A reaper (D)
  5 vampire knights (D)
  4 ophanim (D)
  A red draconian (D)
  A stone giant (D)
  A black draconian (D)
  2 deep elf annihilators (D)
  3 purple draconians (D)
  A deep elf demonologist (D)
  2 yellow draconians (D)
  A dire elephant (D)
  A minotaur (D)
  2 eidola (D)
  A deep elf death mage (D)
  A fire dragon (D)
  2 merfolk impalers (D)
  2 merfolk javelineers (D)
  5 deep elf high priests (D)
  3 hydras (D)
  A hell beast (D)
  A catoblepas (D)
  3 ice dragons (D)
  2 vault guards (D)
  A merfolk aquamancer (D)
  A boulder beetle (D)
  A death knight (D)
  An alligator (D)
  4 naga warriors (D)
  A two-headed ogre (D)
  A deep troll shaman (D)
  8 vampire magi (D)
  3 death yaks (D)
  2 deep troll earth magi (D)
  Urug (D)
  A soul eater (D)
  3 deep elf knights (D)
  A hell knight (D)
  2 shadow wraiths (D)
  A fire crab (D)
  An iron troll (D)
  A sixfirhy (D)
  7 skeletal warriors (D)
  A deep troll (D)
  A cherub (D)
  2 spriggan druids (D)
  9 flayed ghosts (D)
  A bog body (D)
  4 swamp dragons (D)
  A phantasmal warrior (D)
  10 orc knights (D)
  2 wizards (D)
  3 harpies (D)
  A wolf spider (D)
  A necromancer (D)
  3 elephants (D)
  A moth of wrath (D)
  A manticore (D)
  A merfolk siren (D)
  An eye of devastation (D)
  A molten gargoyle (D)
  A rust devil (D)
  A cane toad (D)
  3 gargoyles (D)
  2 orange demons (D)
  A hellion (D)
  A rime drake (D)
  3 kobold demonologists (D)
  A freezing wraith (D)
  A wandering mushroom (D)
  10 merfolk (D)
  A komodo dragon (D)
  2 yaktaurs (D)
  An ice devil (D)
  A hellwing (D)
  2 guardian mummies (D)
  A hornet (D)
  2 tyrant leeches (D)
  4 wind drakes (D)
  5 blink frogs (D)
  2 tarantellas (D)
  2 water elementals (D)
  A shadow (D)
  A wyvern (D)
  8 vampires (D)
  A fire elemental (D)
  Eustachio (D)
  A human (shapeshifter) (D)
  2 wraiths (D)
  A chaos spawn (D)
  A golden eye (D)
  6 yaks (D)
  A basilisk (D)
  A water moccasin (D)
  4 floating eyes (D)
  2 orc warriors (D)
  A swamp drake (D)
  A sky beast (shapeshifter) (D)
  An ogre (D)
  A centaur (D)
  2 kobold brigands (D)
  A gnoll sergeant (D)
  2 bullfrogs (D)
  A necrophage (D)
  A scorpion (D)
  2 earth elementals (D)
  3 wights (D)
  3 jellies (D)
  Crazy Yiuf (D)
  An iron imp (D)
  A hell rat (D)
  3 iguanas (D)
  2 orc wizards (D)
  7 gnolls (D)
  2 river rats (D)
  An ufetubus (D)
  An adder zombie (D)
  3 adder skeletons (D)
  An adder simulacrum (D)
  6 orcs (D)
  A bat (D)
  5 bat skeletons (D)
  2 bat zombies (D)
  4 jackals (D)
  2 kobolds (D)
  A quokka (D)
  A ball python (D)
  2 ball python simulacra (D)
  3 ball python skeletons (D)
  A bat simulacrum (D)
  2 giant cockroach simulacra (D)
  2 quokka simulacra (D)
  A quokka skeleton (D)
  2 quokka zombies (D)
  A rat (D)
335 creatures vanquished.

Vanquished Creatures (others)
  A profane servitor (D)
  A draconian monk (D)
  An alligator (D)
  A kobold (D)
4 creatures vanquished.

Grand Total: 339 creatures vanquished

Notes
Turn   | Place    | Note
-------+----------+-------------------------------------------
     0 | D        | Groucho the Formicid Hunter began the quest for the Orb.
     0 | D        | Reached XP level 1. HP: 16/16 MP: 1/1
    39 | D        | Found a bloodstained altar of Trog.
    39 | D        | Found a shimmering blue altar of Sif Muna.
    39 | D        | Found a viscous altar of Jiyva.
    39 | D        | Found a hazy altar of Hepliaklqana.
    39 | D        | Found an opulent altar of Gozag.
    40 | D        | Found a glowing golden altar of the Shining One.
    40 | D        | Found a glowing silver altar of Zin.
    40 | D        | Found a basalt altar of Yredelemnul.
    40 | D        | Found a shimmering altar of Xom.
    40 | D        | Found an ornate altar of the Wu Jian Council.
    40 | D        | Found a sacrificial altar of Ru.
    40 | D        | Found a stormy altar of Qazlal.
    40 | D        | Found an iron altar of Okawaru.
    40 | D        | Found a sparkling altar of Nemelex Xobeh.
    40 | D        | Found a burning altar of Makhleb.
    40 | D        | Found a blossoming altar of Fedhas.
    40 | D        | Found a white marble altar of Elyvilon.
    40 | D        | Found a shadowy altar of Dithmenos.
    40 | D        | Found a snail-covered altar of Cheibriados.
    42 | D        | Found a radiant altar of Vehumet.
    42 | D        | Found a corrupted altar of Lugonu.
    43 | D        | Found a hide-covered altar of Uskayaw.
    43 | D        | Found an ancient bone altar of Kikubaaqudgha.
    43 | D        | Found a broken altar of Ashenzari.
    53 | D        | Became a worshipper of Qazlal Stormbringer
    75 | D        | Noticed a scorpion
    80 | D        | Killed a scorpion
    81 | D        | Reached skill level 5 in Ranged Weapons
    81 | D        | Reached XP level 2. HP: 19/25 MP: 1/4
    81 | D        | Reached XP level 3. HP: 23/30 MP: 1/5
    81 | D        | Reached XP level 4. HP: 28/37 MP: 1/6
    85 | D        | Reached * piety under Qazlal
   330 | D        | Noticed Crazy Yiuf
   330 | D        | Noticed a floating eye
   332 | D        | Reached ** piety under Qazlal
   332 | D        | Noticed a floating eye
   334 | D        | Killed a floating eye
   335 | D        | Reached skill level 5 in Fighting
   335 | D        | Reached skill level 5 in Armour
   335 | D        | Reached skill level 5 in Invocations
   335 | D        | Reached XP level 5. HP: 46/46 MP: 6/9
   340 | D        | Killed a floating eye
   341 | D        | Reached skill level 5 in Dodging
   341 | D        | Reached XP level 6. HP: 17/53 MP: 7/10
   345 | D        | Killed Crazy Yiuf
   712 | D        | Noticed a water moccasin
   718 | D        | Reached *** piety under Qazlal
   757 | D        | Reached **** piety under Qazlal
   758 | D        | Reached XP level 7. HP: 37/60 MP: 12/12
   762 | D        | Killed a water moccasin
  1103 | D        | Noticed a wyvern
  1112 | D        | Killed a wyvern
  1113 | D        | Reached XP level 8. HP: 33/69 MP: 7/14
  1899 | D        | Noticed an orc knight
  1900 | D        | Noticed a shadow wraith
  1901 | D        | Reached ***** piety under Qazlal
  1906 | D        | Killed a shadow wraith
  1907 | D        | Reached skill level 10 in Invocations
  1907 | D        | Reached XP level 9. HP: 78/78 MP: 12/16
  1909 | D        | Killed an orc knight
  1910 | D        | Reached skill level 10 in Fighting
  1910 | D        | Reached skill level 10 in Ranged Weapons
  2436 | D        | Noticed a cane toad
  2436 | D        | Noticed a deep troll
  2440 | D        | Killed a cane toad
  2441 | D        | Reached skill level 10 in Armour
  2451 | D        | Killed a deep troll
  2452 | D        | Reached XP level 10. HP: 36/87 MP: 10/18
  2833 | D        | Noticed a kobold demonologist
  2833 | D        | Noticed an elephant
  2835 | D        | Noticed an ice devil
  2835 | D        | Killed a kobold demonologist
  2843 | D        | Killed an elephant
  3061 | D        | Noticed a cane toad
  3061 | D        | Noticed a two-headed ogre
  3062 | D        | a cane toad changed into a human
  3064 | D        | Killed a two-headed ogre
  3065 | D        | Reached skill level 10 in Dodging
  3533 | D        | Noticed a bog body
  3533 | D        | Noticed a boulder beetle
  3538 | D        | Killed a bog body
  3547 | D        | Killed a boulder beetle
  4007 | D        | Reached XP level 11. HP: 96/96 MP: 16/21
  4436 | D        | Noticed an elephant
  4436 | D        | Noticed Eustachio
  4439 | D        | Killed Eustachio
  4444 | D        | Killed an elephant
  4749 | D        | Noticed a shadow wraith
  4753 | D        | Killed a shadow wraith
  5136 | D        | Noticed a manticore
  5137 | D        | Noticed a vampire knight
  5138 | D        | Reached ****** piety under Qazlal
  5138 | D        | Killed a manticore
  5140 | D        | Reached skill level 15 in Invocations
  5150 | D        | Killed a vampire knight
  5151 | D        | Reached XP level 12. HP: 89/108 MP: 19/23
  5501 | D        | Reached skill level 1 in Shields
  5538 | D        | Noticed Urug
  5544 | D        | Killed Urug
  5584 | D        | Reached skill level 5 in Shields
  5845 | D        | Noticed a vampire knight
  5862 | D        | Killed a vampire knight
  5863 | D        | Reached skill level 15 in Fighting
  6883 | D        | Noticed an orc warlord
  6883 | D        | Noticed an orc warlord
  6886 | D        | Reached skill level 15 in Ranged Weapons
  6886 | D        | Killed an orc warlord
  6886 | D        | Noticed an ophan
  6887 | D        | Reached skill level 15 in Armour
  6887 | D        | Killed an orc warlord
  6887 | D        | Killed a naga warrior
  6888 | D        | Reached XP level 13. HP: 116/116 MP: 0/25
  6889 | D        | Killed an ophan
  6890 | D        | Reached skill level 10 in Shields
  6893 | D        | Noticed a profane servitor
  6924 | D        | Killed a profane servitor
  6931 | D        | Noticed a vault guard
  6944 | D        | Killed a vault guard
  6988 | D        | Noticed a vault guard
  6992 | D        | Killed a vault guard
  8158 | D        | Got the +8 plate armour "Reho" {rC++}
  8355 | D        | Noticed Ilsuiw
  8355 | D        | Noticed a merfolk impaler
  8355 | D        | Noticed a merfolk impaler
  8357 | D        | Killed a merfolk impaler
  8358 | D        | Killed a merfolk impaler
  8359 | D        | Killed Ilsuiw
  8360 | D        | Reached XP level 14. HP: 126/126 MP: 14/27
  8486 | D        | Noticed a fire giant
  8490 | D        | Noticed Polyphemus
  8492 | D        | Noticed a purple draconian shifter
  8496 | D        | Noticed a purple draconian
  8499 | D        | Killed a fire giant
  8499 | D        | Killed a purple draconian shifter
  8500 | D        | Reached skill level 15 in Shields
  8500 | D        | Killed Polyphemus
  8505 | D        | Killed a purple draconian
  8880 | D        | Noticed a sphinx
  8881 | D        | Noticed a deep elf annihilator
  8884 | D        | Noticed a deep elf sorcerer
  8884 | D        | Noticed a deep elf annihilator
  8885 | D        | Killed a sphinx
  8886 | D        | Killed a deep elf annihilator
  8887 | D        | Noticed a lich
  8887 | D        | Noticed a black draconian
  8888 | D        | Killed a deep elf annihilator
  8888 | D        | Killed a deep elf sorcerer
  8892 | D        | Reached skill level 15 in Dodging
  8894 | D        | Noticed a deep elf sorcerer
  8896 | D        | Killed a black draconian
  8897 | D        | Killed a deep elf sorcerer
  8897 | D        | Killed a nagaraja
  8898 | D        | Reached XP level 15. HP: 48/136 MP: 9/30
  8898 | D        | Noticed Frances
  8906 | D        | Killed a lich
  8907 | D        | Killed Frances
  9222 | D        | Got the Codex of the Pneumatic Shift
  9232 | D        | Got Ywobbel's Advanced Hermeneutics
  9260 | D        | Noticed a nagaraja
  9262 | D        | Noticed a ghost moth
  9264 | D        | Noticed a green draconian monk
  9268 | D        | Killed a ghost moth
  9270 | D        | Killed a nagaraja
  9286 | D        | HP: 6/136 [green draconian monk (16)]
  9288 | D        | HP: 2/136 [green draconian monk (12)]
  9306 | D        | Killed a green draconian monk
  9766 | D        | Got the Handbook of Reformation
  9768 | D        | Got the Grimoire of Spooky Action
  9783 | D        | Got the ring "Wepatweyp" {Ice rElec MP+9 Str+3}
  9786 | D        | Got the ring "Koebyn" {*Corrode rC+ rN+ AC+6}
  9789 | D        | Got the ring of Arief {rElec rN+ Str+4 Int+2}
  9792 | D        | Got the ring "Loirhid" {rC+ Int+4 Dex+2 SInv}
  9795 | D        | Got the ring of Weolieff {Int+3 Dex+6}
  9798 | D        | Got the ring of Brilliance {rPois Slay+2}
  9801 | D        | Got the ring "Joasoat" {rPois EV+6}
  9804 | D        | Got the ring "Lacag" {rN+ Str+6 Int+5 Stlth-}
  9807 | D        | Got the ring "Ilieq" {rPois Will+}
  9810 | D        | Got the ring of Trepidation {*Slow +Blink rPois Will+
                  | Str-2}
  9813 | D        | Got the ring "Qinus" {rC+ Str+5}
  9816 | D        | Got the ring "Pacouly" {rPois rF+ rN++ Str-3 Int+3}
  9819 | D        | Got the ring "Futacauc" {Will++ AC+6 Dex+2}
  9862 | D        | Got the amulet of Wishful Thinking {Spirit rPois rC+}
  9865 | D        | Got the amulet "Elutotuz" {Reflect rC- rN+ Regen+ Int+4
                  | SH+5}
  9868 | D        | Got the amulet of Xom's Malicious Joy {rN++ Regen+ Str-3
                  | Int+2 SInv}
  9871 | D        | Got the amulet "Fuety" {Reflect rF+ SH+5}
  9874 | D        | Got the ring "Couluun" {rCorr Int-2 Slay+6 SInv Stlth+}
  9877 | D        | Got the amulet "Uleup" {rF- Regen+ Int+4 Dex+4}
  9892 | D        | Got the ring of the Inquisitive Beasts {Will+ Int+3 Dex+5}
  9895 | D        | Got the amulet "Dingov" {Spirit Will++ Str-5}
  9898 | D        | Got the amulet of Modesty {Fragile rF++ Regen+ rCorr MP+9}
  9901 | D        | Got the amulet of Makhleb's Regard {rN+ Regen+}
  9904 | D        | Got the ring "Athe Foi" {Dex+4 Slay+5}
  9906 | D        | Got the amulet of Lierru {Reflect rCorr Str+2 SH+5}
  9908 | D        | Got the amulet of the Two Names {RegenMP rElec rF+ Will-
                  | MP+9}
 10193 | D        | Noticed an emperor scorpion
 10224 | D        | Killed an emperor scorpion
 10224 | D        | Noticed a sphinx
 10234 | D        | Killed a sphinx
 10534 | D        | Identified the ring of Xioso {MP+9 Int+4 Stlth+}
 10542 | D        | Noticed a deep elf sorcerer
 10546 | D        | Killed a deep elf sorcerer
 10551 | D        | Reached XP level 16. HP: 121/146 MP: 12/32
 10744 | D        | Noticed a profane servitor
 10761 | D        | Killed a profane servitor
 10973 | D        | Noticed a fire giant
 10976 | D        | Noticed a tentacled monstrosity
 10985 | D        | Killed a tentacled monstrosity
 10987 | D        | Killed a fire giant
 11023 | D        | Got the amulet "Wovais" {Acrobat Will+}
 11054 | D        | Got the ring "Jesaom" {rPois rN+ Dex+3}
 11117 | D        | Got the +0 pair of boots of the Past {Fly rElec rCorr
                  | Dex-3}
 11147 | D        | Got the +0 pair of gloves of the Gravedigger {Str+4 Dex+3}
 11194 | D        | Found the sphere of Battle
 11194 | D        | Noticed a lich
 11194 | D        | Noticed a lich
 11195 | D        | Killed a lich
 11195 | D        | Killed a lich
 11196 | D        | Reached skill level 27 in Invocations
 11196 | D        | Noticed a bone dragon
 11203 | D        | Killed a bone dragon
 11226 | D        | Got the +3 cloak of the Cuttlefish {Fly rF+ rN+ Int-2}
 11255 | D        | Got Sif Muna's Anthology of Orogeny
 11259 | D        | Got the Meditations on Shivering Ill Luck
 11274 | D        | Got a silver rune of Zot
 11368 | D        | Noticed a curse toe
 11374 | D        | Killed a curse toe
 11375 | D        | Reached XP level 17. HP: 157/157 MP: 16/34
 11647 | D        | Noticed a royal mummy
 11669 | D        | Killed a royal mummy
 12161 | D        | Noticed a shadow dragon
 12170 | D        | Killed a shadow dragon
 12309 | D        | Noticed a profane servitor
 12321 | D        | Killed a profane servitor
 12645 | D        | Noticed a royal mummy
 12655 | D        | Killed a royal mummy
 13477 | D        | Noticed a Killer Klown
 13478 | D        | Noticed Jory
 13478 | D        | Killed a Killer Klown
 13478 | D        | Killed Jory
 13478 | D        | Killed an acid blob
 13479 | D        | Reached skill level 27 in Shields
 13486 | D        | Noticed a tentacled monstrosity
 13489 | D        | Noticed a pearl dragon
 13495 | D        | Killed a pearl dragon
 13496 | D        | Noticed an Executioner
 13500 | D        | Noticed Mara
 13503 | D        | Killed an Executioner
 13503 | D        | Killed a tentacled monstrosity
 13503 | D        | Killed Mara
 13693 | D        | Identified the +5 tower shield "Vedwigh" {rElec}
 13693 | D        | Noticed Mennas
 13694 | D        | Noticed the 27-headed Lernaean hydra
 13696 | D        | Reached XP level 18. HP: 145/171 MP: 28/35
 13699 | D        | Noticed Margery
 13705 | D        | Killed the 27-headed Lernaean hydra
 13706 | D        | Reached skill level 27 in Ranged Weapons
 13708 | D        | Noticed a pearl dragon
 13708 | D        | HP: 7/172 [27-headed Lernaean hydra simulacrum (2)]
 13708 | D        | Mangled by a 27-headed Lernaean hydra simulacrum

Illustrated notes

Levels and vault maps discovered:
D:        pitsprint [storerooms_1, entrance_room_1, metal_vault_2, armoury_1,
          mini_pit_1, grid_room_1, main_hall_1, silver_pit, the_coven_3,
          the_vestibule_1, steel_vault_2, golden_pit, hallway_of_sentries,
          crystal_vault_2, iron_vault_1, final_vault]

Skill      XL: |  1  2  3  4  5  6  7  8  9 10 11 12 13 14 15 16 17 18 |
---------------+-------------------------------------------------------+-----
Fighting       | 4 5 6 7 8 9 11 12 14 15 16 17 19 20 23 | 23.4
Ranged Weapons | 5 6 7 8 9 10 12 13 15 17 19 21 23 26 27 | 27.0
Armour         | 3 5 6 7 9 10 12 14 15 16 17 19 20 23 | 23.3
Dodging        | 3 4 5 6 8 9 10 12 13 14 15 16 17 19 20 | 20.0
Invocations    | 3 5 6 7 8 10 11 13 15 17 19 22 25 27 | 27.0
Shields        | 9 13 18 21 25 27 | 27.0
Stealth        | |  1.2

Action                     |  1- 3 |  4- 6 |  7- 9 | 10-12 | 13-15 | 16-18 || total
---------------------------+-------+-------+-------+-------+-------+-------++-------
   Fire: Shortbow          |     7 |    48 |    34 |   133 |    78 |       ||   300
         Arbalest          |       |       |       |       |   162 |   131 ||   293
 Invoke: Upheaval          |       |       |    12 |    40 |    40 |    17 ||   109
         Disaster Area     |       |       |       |     5 |     6 |     6 ||    17
Ability: Dig               |     1 |       |       |       |       |       ||     1
    Use: Potion            |       |     1 |     3 |     4 |    21 |     5 ||    34
         Scroll            |       |       |       |       |     4 |       ||     4
 Armour: Leather armour    |       |     1 |       |       |       |       ||     1
         Chain mail        |       |     7 |    25 |    43 |    32 |       ||   107
         Plate armour      |       |       |       |       |   130 |   107 ||   237
  Dodge: Dodged            |     2 |    18 |    29 |    67 |   116 |    78 ||   310
         Repelled          |       |       |       |     4 |     5 |     1 ||    10
  Block: Other             |       |     3 |     9 |    11 |       |       ||    23
         Buckler           |       |       |       |    61 |    61 |       ||   122
         Tower shield      |       |       |       |       |   344 |   279 ||   623
         Reflection        |       |       |       |       |     6 |     2 ||     8
